 Dungeon Crawl Stone Soup version 0.17-a0-1164-g0ba867e (webtiles) character file.

587 bart the Cleaver (level 7, -2/56 HPs)
             Began as a Minotaur Gladiator on May 28, 2015.
             Succumbed to a wasp's poison
             ... on level 8 of the Dungeon.
             The game lasted 00:06:30 (854 turns).

bart the Cleaver (Minotaur Gladiator)                Turns: 854, Time: 00:06:30

Health: -2/56      AC:  5    Str: 19    XL:     7   Next: 15%
Magic:  6/6        EV: 12    Int:  7    God:
Gold:   129        SH:  0    Dex: 15    Spells: 0 memorised, 6 levels left

rFire  . . .     SeeInvis .     a - +0 war axe
rCold  . . .     Clarity  .     j - +0 ring mail
rNeg   . . .     SustAt   .     (no shield)
rPois  .         Gourm    .     e - +0 hat
rElec  .         Spirit   .     (no cloak)
rCorr  .         Warding  .     (no gloves)
rMut   .         Stasis   .     (no boots)
MR     .....                    (no amulet)
Stlth  +.........               (no ring)
                                (no ring)

@: lethally poisoned (-2 -> -29), slowed, very slow, not resistant to hostile
enchantments, very unstealthy
A: retaliatory headbutt, horns 2, agile 1, breathe flames 1, clever 1
a: Breathe Fire


You were on level 8 of the Dungeon.
You were not hungry.

You visited 2 branches of the dungeon, and saw 10 of its levels.

You collected 129 gold pieces.

Inventory:

Hand weapons
 a - a +0 war axe (weapon)
 f - a +0 spear
Missiles
 d - 3 throwing nets (quivered)
Armour
 e - a +0 hat (worn)
 j - a +0 ring mail (worn)
Scrolls
 h - 2 scrolls of remove curse
 l - a scroll of identify
Books
 n - a book of Minor Magic

   Spells                             Type                      Level
   a - Magic Dart                     Conjuration                  1
   b - Blink                          Translocation                2
   c - Call Imp                       Summoning                    2
   d - Repel Missiles                 Charms/Air                   2
   e - Slow                           Hexes                        2
   f - Conjure Flame                  Conjuration/Fire             3
   g - Mephitic Cloud                 Conjuration/Poison/Air       3
Comestibles
 c - 6 bread rations
 g - a chunk of flesh
 i - 7 beef jerkies
 k - a royal jelly


   Skills:
 - Level 2.4 Fighting
 + Level 9.9 Axes
 - Level 2.0 Throwing
 - Level 3.2 Dodging


You had 6 spell levels left.
You didn't know any spells.

Dungeon Overview and Level Annotations

Branches:
Dungeon (9/15)             Temple (1/1) D:5
   Lair: D:8-11         Orc: D:9-12

Altars:
Dithmenos
Elyvilon
Fedhas
Gozag
Kikubaaqudgha
Nemelex Xobeh
Qazlal
Ru
Trog


Innate Abilities, Weirdness & Mutations

You reflexively headbutt those who attack you in melee.
You have a pair of horns on your head.
You are agile. (Dex +2)
You can breathe flames.
Your mind is acute. (Int +2)


Message History

The worker ant bites you.
* * * LOW HITPOINT WARNING * * *
You are more poisoned.
The worker ant poisons you! The wasp stings you.
* * * LOW HITPOINT WARNING * * *
You feel as though you will be slow longer.
The wasp closely misses you.
Read which item? (? for menu, Esc to quit)
Okay, then.
* * * LOW HITPOINT WARNING * * *
You feel very sick. The wasp stings you!
* * * LOW HITPOINT WARNING * * *
You are more poisoned.
You feel as though you will be slow longer.
Unknown command.
Drink which item? (? for menu, Esc to quit)
It was a potion of mutation.
You feel extremely strange.
Your throat feels hot.
You feel clever.
You feel agile.
You die...

#### ######
#... .....
#... .... #..
..#
##..##..###.#
#...@y(.....+
#....a......#
###.###.##..#
#+ .# # . ..
##


You could see a wasp and a worker ant.

Vanquished Creatures
  A hungry ghost (D:7)
  2 ogres
  A crimson imp (D:5)
  2 jellies (D:8)
  A giant frog zombie (D:5)
  3 worker ants
  2 hound skeletons
  3 adders
  A shadow imp (D:5)
  An ooze (D:1)
  An adder skeleton (D:8)
  A giant gecko (D:7)
  4 orcs
  5 bats
  A bat zombie (D:6)
  6 hobgoblins
  3 kobolds
  A ball python (D:1)
  A giant cockroach zombie (D:6)
  A giant gecko zombie (D:6)
  4 giant newts
  A goblin (D:3)
  A jackal zombie (D:6)
  2 rats
49 creatures vanquished.

Notes
Turn   | Place    | Note
--------------------------------------------------------------
     0 | D:1      | bart the Minotaur Gladiator began the quest for the Orb.
     0 | D:1      | Reached XP level 1. HP: 18/18 MP: 0/0
    13 | D:1      | Reached skill level 4 in Axes
   109 | D:3      | Reached XP level 2. HP: 25/25 MP: 1/1
   247 | D:5      | Entered Level 5 of the Dungeon
   259 | D:5      | Reached skill level 5 in Axes
   259 | D:5      | Reached XP level 3. HP: 24/30 MP: 2/2
   271 | D:5      | Found a staircase to the Ecumenical Temple.
   296 | Temple   | Entered the Ecumenical Temple
   366 | D:5      | Reached skill level 6 in Axes
   366 | D:5      | Reached XP level 4. HP: 19/37 MP: 3/3
   412 | D:5      | Reached XP level 5. HP: 20/42 MP: 4/4
   448 | D:6      | Reached skill level 7 in Axes
   487 | D:6      | Noticed an ogre
   503 | D:6      | Killed an ogre
   503 | D:6      | Reached skill level 8 in Axes
   530 | D:6      | Found a blossoming altar of Fedhas.
   567 | D:6      | Reached XP level 6. HP: 45/50 MP: 5/5
   646 | D:8      | Noticed a hungry ghost
   655 | D:7      | Killed a hungry ghost
   655 | D:7      | Reached skill level 9 in Axes
   697 | D:8      | Reached XP level 7. HP: 7/56 MP: 6/6
   827 | D:9      | Found an opulent altar of Gozag.
   853 | D:8      | HP: 1/56 [wasp (7)]
   854 | D:8      | Gained mutation: You can breathe flames. [potion of mutation]
   854 | D:8      | Gained mutation: Your mind is acute. (Int +2) [potion of mutation]
   854 | D:8      | Gained mutation: You are agile. (Dex +2) [potion of mutation]
   854 | D:8      | Succumbed to a wasp's poison

Vault maps used:
D:1:      lightli_arrival_flooded_house
D:2:      trog_three_pillars_becter
D:3:      lemuel_round_altar, lemuel_doored_altar, makhleb_grotto_becter
D:4:      overflow_temple_1_default
D:5:      lemuel_castle_with_subvaults, nicolae_overflow_crystal_walls,
          minmay_temple_entry_glass, first_bread, eino_tiny_chamber,
          eino_tiny_chamber
D:6:      tgw_fedhas, lemuel_coloured_pillars_altar, slow_altar_1,
          serial_undead, serial_undead_d, serial_undead_d, serial_undead_b,
          serial_undead_f
D:7:      okawaru_trees_2, lemuel_round_altar
D:8:      kennysheep_little_box, basic_altar, grunt_ogre_cave,
          nemelex_dance_club_becter
D:9:      lair_0_dummy, minmay_statues_item,
          nicolae_gozag_cash_rules_everything_around_me
Temple:   circular_temple_pool_8

Action                   |  1- 3 |  4- 6 |  7- 9 || total
-------------------------+-------+-------+-------++-------
Melee: Spear             |     8 |       |       ||     8
       War axe           |    43 |    51 |     4 ||    98
Throw: Throwing net      |     4 |     2 |       ||     6
       Tomahawk          |       |     1 |     4 ||     5
  Use: Scroll            |       |       |     1 ||     1
       Potion            |       |       |     1 ||     1
 Stab: Held in net/web   |       |     1 |       ||     1
  Eat: Chunk             |       |     1 |     1 ||     2
